 Dungeon Crawl Stone Soup version 0.27.1-1-g398f81649c (webtiles) character file.

Game seed: 3992124390409937601

149 greenlake the Sneak (level 5, -2/43 HPs)
             Began as a Gnoll Wanderer on Sept 14, 2021.
             Slain by a bullfrog zombie (6 damage)
             ... on level 4 of the Dungeon.
             The game lasted 00:04:34 (2690 turns).

greenlake the Sneak (Gnoll Wanderer)                Turns: 2690, Time: 00:04:34

Health: -2/43      AC:  2    Str: 11    XL:     5   Next: 31%
Magic:  7/7        EV: 10    Int: 15    God:
Gold:   169        SH:  9    Dex:  9    Spells: 6/6 levels left

rFire    . . .     SeeInvis .   a - +2 spear
rCold    . . .     Faith    .   i - +2 kite shield
rNeg     . . .     Spirit   .   c - +0 robe
rPois    .         Reflect  .   (no helmet)
rElec    .         Harm     .   (no cloak)
rCorr    .         Rampage  .   (no gloves)
Will     .....                  (no boots)
Stlth    +++.......             (no amulet)
HPRegen  0.14/turn              (no ring)
MPRegen  0.10/turn              (no ring)

@: no status effects
A: fangs 1, strong nose, distributed training
a: no special abilities


You were on level 4 of the Dungeon.
You visited 1 branch of the dungeon, and saw 4 of its levels.

You collected 169 gold pieces.

Inventory:

Hand Weapons
 a - a +2 spear (weapon)
 d - a +0 dagger
 g - a +1 vorpal war axe
Missiles
 e - 8 boomerangs (quivered)
 k - 20 poisoned darts
 p - a throwing net
Armour
 c - a +0 robe (worn)
 i - a +2 kite shield (worn)
Scrolls
 h - 3 scrolls of identify {unknown}
 n - a scroll of immolation {unknown}
 o - a scroll of enchant weapon {unknown}
 q - a scroll of blinking {unknown}
 r - a scroll of amnesia {unknown}
 s - a scroll of acquirement {unknown}
Potions
 b - 2 potions of lignification
 f - a potion of curing {unknown}
 j - a potion of haste {unknown}
 l - a potion of degeneration {unknown}
 m - a potion of brilliance {unknown}


   Skills:
 + Level 4.7 Fighting
 + Level 1.4 Short Blades
 + Level 1.4 Long Blades
 + Level 1.4 Axes
 + Level 1.4 Maces & Flails
 + Level 4.7 Polearms
 + Level 1.4 Staves
 + Level 1.4 Slings
 + Level 1.4 Bows
 + Level 1.4 Crossbows
 + Level 1.4 Throwing
 + Level 1.4 Armour
 + Level 4.7 Dodging
 + Level 6.1 Stealth
 + Level 1.4 Shields
 + Level 1.4 Unarmed Combat
 + Level 1.4 Spellcasting
 + Level 1.1 Conjurations
 + Level 1.1 Hexes
 + Level 1.1 Summonings
 + Level 1.1 Necromancy
 + Level 1.1 Translocations
 + Level 1.1 Transmutations
 + Level 1.1 Fire Magic
 + Level 1.1 Ice Magic
 + Level 1.1 Air Magic
 + Level 1.1 Earth Magic
 + Level 1.1 Poison Magic
 + Level 1.6 Invocations
 + Level 2.9 Evocations


You had 6 spell levels left.
You didn't know any spells.
Your spell library was empty.

Dungeon Overview and Level Annotations

Branches:
Dungeon (4/15)
 Temple: D:4-7

Altars:


Innate Abilities, Weirdness & Mutations

You have very sharp teeth.
Your uncanny sense of smell can sniff out nearby items.
Your experience applies equally to all skills.


Message History

You climb downwards.
There is a stone staircase leading up here.
You closely miss the gnoll.
The gnoll is moderately wounded.
The gnoll hits you with a +0 whip.
You hit the gnoll.
The gnoll is moderately wounded.
The gnoll hits you with a +0 whip.
* * * LOW HITPOINT WARNING * * *
The bullfrog zombie closely misses you. You block the bullfrog zombie's attack.
The bullfrog zombie hits you.
* * * LOW HITPOINT WARNING * * *
An endoplasm comes into view.
An endoplasm comes into view.
Found 3 stones.
Found 7 gold pieces.
A hobgoblin comes into view.
You start resting.
A bullfrog zombie is nearby!
A bullfrog zombie is nearby!
A bullfrog zombie is nearby!
A bullfrog zombie is nearby!
A bullfrog zombie is nearby!
You hit the bullfrog zombie.
The bullfrog zombie is lightly damaged.
The bullfrog zombie hits you.
* * * LOW HITPOINT WARNING * * *
The bullfrog zombie hits you but does no damage.
You hit the bullfrog zombie.
The bullfrog zombie is lightly damaged.
You block the bullfrog zombie's attack.
You hit the bullfrog zombie.
The bullfrog zombie is moderately damaged.
The bullfrog zombie hits you.
* * * LOW HITPOINT WARNING * * *
The bullfrog zombie closely misses you.
You hit the bullfrog zombie.
The bullfrog zombie is moderately damaged.
The bullfrog zombie hits you.
You die...

#### #.... #....
#.... #....##
#.....####### ∆
.##...#..##...######
.........Z@........#
##.###.####.......#
##.###.####.......#
..........g........#
.#.##.###.##.......#
................#
.#g##.#.##.......# #
...J...##.......#
..(.#.#..........#


You could see a bullfrog zombie.

Vanquished Creatures
  An ogre (D:3)
  A gnoll (D:3)
  4 worms
  A dart slug (D:3)
  3 ball pythons
  2 bats (D:1)
  6 endoplasms
  4 giant cockroaches
  4 goblins
  3 hobgoblins (D:3)
  5 kobolds
  3 quokkas (D:3)
  5 frilled lizards
  2 rats
44 creatures vanquished.

Notes
Turn   | Place    | Note
-------+----------+-------------------------------------------
     0 | D:1      | greenlake the Gnoll Wanderer began the quest for the Orb.
     0 | D:1      | greenlake set off with the following items: a +2 spear, 2
                  | potions of lignification, a +0 robe, a +0 dagger
     0 | D:1      | Reached XP level 1. HP: 20/20 MP: 1/1
   167 | D:1      | Found a faded altar of an unknown god.
   184 | D:1      | Reached XP level 2. HP: 26/26 MP: 2/2
   650 | D:2      | Reached XP level 3. HP: 15/31 MP: 3/3
  1119 | D:2      | Reached skill level 6 in Stealth
  1481 | D:2      | Reached skill level 1 in Invocations
  1693 | D:3      | Reached skill level 1 in Short Blades
  1693 | D:3      | Reached skill level 1 in Long Blades
  1693 | D:3      | Reached skill level 1 in Axes
  1693 | D:3      | Reached skill level 1 in Maces & Flails
  1693 | D:3      | Reached skill level 1 in Staves
  1693 | D:3      | Reached skill level 1 in Slings
  1693 | D:3      | Reached skill level 1 in Bows
  1693 | D:3      | Reached skill level 1 in Crossbows
  1693 | D:3      | Reached skill level 1 in Throwing
  1693 | D:3      | Reached skill level 1 in Armour
  1693 | D:3      | Reached skill level 1 in Shields
  1693 | D:3      | Reached skill level 1 in Unarmed Combat
  1693 | D:3      | Reached skill level 1 in Spellcasting
  2118 | D:3      | Reached XP level 4. HP: 38/38 MP: 5/5
  2173 | D:3      | Noticed an ogre
  2185 | D:3      | Killed an ogre
  2186 | D:3      | Reached skill level 1 in Conjurations
  2186 | D:3      | Reached skill level 1 in Hexes
  2186 | D:3      | Reached skill level 1 in Summonings
  2186 | D:3      | Reached skill level 1 in Necromancy
  2186 | D:3      | Reached skill level 1 in Translocations
  2186 | D:3      | Reached skill level 1 in Transmutations
  2186 | D:3      | Reached skill level 1 in Fire Magic
  2186 | D:3      | Reached skill level 1 in Ice Magic
  2186 | D:3      | Reached skill level 1 in Air Magic
  2186 | D:3      | Reached skill level 1 in Earth Magic
  2186 | D:3      | Reached skill level 1 in Poison Magic
  2186 | D:3      | Reached XP level 5. HP: 6/43 MP: 5/7
  2690 | D:4      | Slain by a bullfrog zombie

Illustrated notes

Levels and vault maps discovered:
D:1:      tarquinn_simple_flora_water_a, layout_basic,
          chequers_ecumenical_altar_simple_redux, minmay_misc_feat_plants
D:2:      kennysheep_big_flooded_room, layout_rooms, serial_glass,
          glass_columns_a, glass_columns_c, glass_columns_a, glass_columns_c,
          glass_columns_a, glass_columns_b
D:3:      layout_loops_ring, minmay_misc_feat_iff
D:4:      layout_gridville, mainiacjoe_overflow_boulevard,
          minmay_temple_entry_trees, minmay_diced_spiral

Skill      XL: |  1  2  3  4 |
---------------+-------------+-----
Stealth        | 6 |  6.1
Invocations    | 1 |  1.6
Short Blades   | 1 |  1.4
Long Blades    | 1 |  1.4
Axes           | 1 |  1.4
Maces & Flails | 1 |  1.4
Staves         | 1 |  1.4
Slings         | 1 |  1.4
Bows           | 1 |  1.4
Crossbows      | 1 |  1.4
Throwing       | 1 |  1.4
Armour         | 1 |  1.4
Shields        | 1 |  1.4
Unarmed Combat | 1 |  1.4
Spellcasting   | 1 |  1.4
Conjurations   | 1 |  1.1
Hexes          | 1 |  1.1
Summonings     | 1 |  1.1
Necromancy     | 1 |  1.1
Translocations | 1 |  1.1
Transmutations | 1 |  1.1
Fire Magic     | 1 |  1.1
Ice Magic      | 1 |  1.1
Air Magic      | 1 |  1.1
Earth Magic    | 1 |  1.1
Poison Magic   | 1 |  1.1
Fighting       | |  4.7
Polearms       | |  4.7
Dodging        | |  4.7
Evocations     | |  2.9

Action                   |  1- 3 |  4- 6 || total
-------------------------+-------+-------++-------
Melee: Spear             |   116 |    30 ||   146
       Bite              |    10 |     2 ||    12
 Stab: Sleeping          |    13 |     3 ||    16
       Distracted        |     1 |       ||     1
Armor: Robe              |     8 |     1 ||     9
Dodge: Dodged            |    27 |     7 ||    34
Block: Kite shield       |    39 |     8 ||    47
